 Dungeon Crawl Stone Soup version 0.28-a0-683-ga8797d1ae1 (webtiles) character file.

Game seed: 12649729996613046788

171 runemasterragnar the Skirmisher (level 5, -2/42 HPs)
             Began as a Formicid Abyssal Knight on Oct 19, 2021.
             Was a Believer of Lugonu.
             Slain by an ogre (14 damage)
             ... on level 3 of the Dungeon.
             The game lasted 00:02:10 (3063 turns).

runemasterragnar the Skirmisher (FoAK)              Turns: 3063, Time: 00:02:10

Health: -2/42      AC:  5    Str: 18    XL:     5   Next: 81%
Magic:  7/7        EV: 11    Int: 10    God:    Lugonu [**....]
Gold:   189        SH:  0    Dex: 11    Spells: 4/4 levels left

rFire   . . .      SeeInvis +   a - +1 hand axe
rCold   . . .      Faith    .   (no shield)
rNeg    . . .      Spirit   .   h - +0 ring mail
rPois   .          Reflect  .   (helmet unavailable)
rElec   .          Harm     .   (no cloak)
rCorr   .          Rampage  .   (no gloves)
Will    .....                   (no boots)
Stlth   +.........              (no amulet)
HPRegen 0.14/turn               (no ring)
MPRegen 0.10/turn               (no ring)

@: no status effects
A: permanent stasis, dig shafts and tunnels, antennae 3, four strong arms
a: Dig, Shaft Self, Renounce Religion, Depart the Abyss, Bend Space


You were on level 3 of the Dungeon.
You worshipped Lugonu.
Lugonu was pleased with you.
You visited 1 branch of the dungeon, and saw 3 of its levels.
You visited the Abyss 1 time.

You collected 189 gold pieces.

Inventory:

Hand Weapons
 a - a +1 hand axe (weapon)
Missiles
 c - 46 bolts
 j - 2 javelins
Armour
 h - a +0 ring mail (worn)
Magical Staves
 b - a staff of conjuration
Scrolls
 d - a scroll of teleportation {unknown}
 e - 3 scrolls of identify {unknown}
 f - 2 scrolls of summoning {unknown}
 g - a scroll of fog {unknown}
 i - a scroll of vulnerability {unknown}
 k - 3 scrolls of enchant armour {unknown}
 l - a scroll of amnesia {unknown}
 r - a scroll of acquirement {unknown}
Potions
 m - a potion of attraction {unknown}
 n - 3 potions of heal wounds
 o - 2 potions of cancellation {unknown}
 p - a potion of flight {unknown}
 q - a potion of mutation {unknown}


   Skills:
 + Level 4.0 Fighting
 * Level 3.6 Axes
 + Level 3.1 Armour
 + Level 1.9 Dodging
 + Level 3.2 Invocations


You had 4 spell levels left.
You didn't know any spells.
Your spell library contained the following spells:

 Spells                   Type           Power      Damage    Failure   Level
 Beastly Appendage        Tmut           0%         N/A       54%         1
 Wereblood                Tmut           0%         N/A       69%         2
 Spider Form              Tmut/Pois      0%         N/A       89%         3
 Stone Arrow              Conj/Erth      0%         3d7       89%         3
 Animate Armour           Summ/Erth      0%         N/A       100%        4
 Lehudib's Crystal Spear  Conj/Erth      0%         10d2      100%        8


Dungeon Overview and Level Annotations

Branches:
Dungeon (3/15)

Altars:
Makhleb
Xom


Innate Abilities, Weirdness & Mutations

You cannot be hasted, slowed, berserked, paralysed or teleported.
You can dig through walls and to a lower floor.
You have a pair of large antennae on your head. (SInv)
Your four strong arms can wield two-handed weapons with a shield.


Message History

Key pressed, stopping explore.
No target in view!
You now have 153 gold pieces (gained 8).
You now have 164 gold pieces (gained 11).
You now have 176 gold pieces (gained 12).
You now have 189 gold pieces (gained 13).
You open the door.
Key pressed, stopping explore.
No target in view!
You open the door. You open the door.
There is an open door here.
There is an open door here.
Key pressed, stopping explore.
No target in view!
No target in view!
There is an open door here.
An ogre comes into view. It is wielding a +0 giant club.
An ogre is nearby!
An ogre is nearby!
The ogre closely misses you.
You hit the ogre.
The ogre is lightly wounded.
The ogre barely misses you.
You hit the ogre but do no damage.
The ogre is lightly wounded.
The ogre barely misses you.
You hit the ogre but do no damage.
The ogre is lightly wounded.
The ogre hits you with a +0 giant club!!
You barely miss the ogre.
The ogre is lightly wounded.
You barely miss the ogre.
The ogre is lightly wounded.
The ogre hits you with a +0 giant club!
* * * LOW HITPOINT WARNING * * *
You hit the ogre.
The ogre is moderately wounded.
The ogre hits you with a +0 giant club!
You die...

#..#.......##.............
#....)†♣.>.##..........###
#+##.......##.............
##♣.<.♣###############.
#...##...............
#####................
###########....##
#.##############.......
#....O@........'.......
################.......
#....... #....... #.......
#....... ###+##...
#........ #####........


You could see an ogre.

Vanquished Creatures
  An orc priest (D:2)
  Jessica (D:2)
  An orc wizard (D:2)
  4 adders
  A worm (D:3)
  An orc (D:2)
  6 ball pythons
  3 bats
  4 endoplasms
  4 hobgoblins
  4 quokkas
  3 frilled lizards
  2 goblins
  4 kobolds
  3 rats
42 creatures vanquished.

Vanquished Creatures (others)
  An orc wizard (D:2)
  5 toadstools (D:3)
6 creatures vanquished.

Grand Total: 48 creatures vanquished

Notes
Turn   | Place    | Note
-------+----------+-------------------------------------------
     0 | Abyss:1  | runemasterragnar the Formicid Abyssal Knight began the
                  | quest for the Orb.
     0 | Abyss:1  | Reached XP level 1. HP: 18/18 MP: 2/2
    13 | Abyss:1  | Found a corrupted altar of Lugonu.
    26 | D:1      | Escaped the Abyss
   155 | D:1      | Reached skill level 1 in Dodging
   209 | D:1      | Reached XP level 2. HP: 18/24 MP: 3/3
   720 | D:1      | Found a faded altar of an unknown god.
  1019 | D:2      | Reached XP level 3. HP: 19/29 MP: 4/4
  1033 | D:2      | Reached XP level 4. HP: 33/36 MP: 4/6
  1316 | D:2      | Found a burning altar of Makhleb.
  1449 | D:2      | Reached XP level 5. HP: 40/42 MP: 7/7
  2022 | D:2      | Noticed Jessica
  2025 | D:2      | Reached ** piety under Lugonu
  2028 | D:2      | Killed Jessica
  2540 | D:3      | Reached skill level 4 in Fighting
  2621 | D:3      | Found a shimmering altar of Xom.
  2622 | D:3      | Found a shimmering altar of Xom.
  2631 | D:3      | Found a shimmering altar of Xom.
  2631 | D:3      | Found a shimmering altar of Xom.
  3054 | D:3      | Noticed an ogre
  3063 | D:3      | Slain by an ogre

Illustrated notes

Levels and vault maps discovered:
D:1:      amcnicky_arrival_flooded_fountain, layout_rooms,
          ebering_ecumenical_altar_petrified, minmay_misc_feat_doors
D:2:      layout_basic, basic_altar, kennysheep_jessica_study
D:3:      layout_basic, xom_redecorated, minmay_gold_behind_fungi,
          grunt_ministairs_7

Skill      XL: |  1  2  3  4  5 |
---------------+----------------+-----
Dodging        | 1 |  1.9
Axes           | 3 |  3.6
Invocations    | 3 |  3.2
Armour         | 3 |  3.1
Fighting       | 4 |  4.0

Action                   |  1- 3 |  4- 6 || total
-------------------------+-------+-------++-------
Melee: Hand axe          |    55 |    95 ||   150
  Use: Potion            |     1 |       ||     1
Armor: Leather armour    |     4 |       ||     4
       Ring mail         |     9 |    32 ||    41
Dodge: Dodged            |    31 |    53 ||    84

Table legend: (Time is in decaauts)
 A = Elapsed time spent in this place.
 B = Non-inter-level travel time spent in this place.
 C = Inter-level travel time spent in this place.
 D = Time resting spent in this place.
 E = Time spent auto-exploring this place.
 F = Levels seen in this place.
 G = Mean time per level.
                   A        B        C        D        E       F      G
               +--------+--------+--------+--------+--------+-----+--------+
         Total |   3086 |   3001 |     85 |      0 |   2580 |   4 |  771.5 |
       Dungeon |   3060 |   2975 |     85 |      0 |   2569 |   3 | 1020.0 |
         Abyss |     26 |     26 |      0 |      0 |     11 |   1 |   26.0 |
               +--------+--------+--------+--------+--------+-----+--------+

Top non-repeatable levels by time:
     D:2: 1436 daAuts
     D:3: 818 daAuts
     D:1: 805 daAuts
 Abyss:1: 26 daAuts
